 Dungeon Crawl Stone Soup version 0.16-a0-3946-g4f19e5c (console) character file.

355 Fusha the Conjurer (level 6, 0/37 HPs)
             Began as a High Elf Conjurer on Feb 9, 2015.
             Was an Initiate of Gozag.
             Slain by a centaur (9 damage)
             ... on level 5 of the Dungeon.
             The game lasted 00:15:17 (4766 turns).

Fusha the Conjurer (High Elf Conjurer)              Turns: 4766, Time: 00:15:17

Health: 0/37       AC:  4    Str:  7    XL:     6   Next: 36%
Magic:  14/19      EV: 13    Int: 22    God:    Gozag
Gold:   369        SH:  0    Dex: 15    Spells: 4 memorised, 4 levels left

rFire  + . .     SeeInvis .     l - +1 hand axe (vamp)
rCold  . . .     Clarity  .     a - +0 robe
rNeg   . . .     SustAb   +     (no shield)
rPois  .         Gourm    .     s - +1 helmet
rElec  .         Spirit   .     (no cloak)
rCorr  .         Warding  .     (no gloves)
rMut   .         Stasis   .     (no boots)
MR     .....                    (no amulet)
Stlth  ++........               o - ring of sustain abilities
                                k - ring of protection from fire

@: not resistant to hostile enchantments, unstealthy
A: no striking features
a: Potion Petition, Call Merchant, Bribe Branch, Renounce Religion


You were on level 5 of the Dungeon.
You worshipped Gozag.
Gozag was noncommittal.
You were not hungry.

You visited 1 branch of the dungeon, and saw 5 of its levels.

You collected 456 gold pieces.
You paid 87 gold pieces to Gozag.

Inventory:

Hand weapons
 l - a +1 vampiric hand axe (weapon)
 x - a +0 blowgun
Missiles
 i - 2 javelins (quivered)
 y - 11 poisoned needles
Armour
 a - a +0 robe (worn)
 s - a +1 helmet (worn)
Jewellery
 k - a ring of protection from fire (left hand)
 o - a ring of sustain abilities (right hand)
Magical devices
 f - a wand of flame (23)
 z - a wand of flame (25)
Scrolls
 g - a scroll of teleportation {unknown}
 h - 2 scrolls of enchant armour {unknown}
 m - a scroll of random uselessness {unknown}
 p - 3 scrolls of fear
 q - a scroll of blinking {unknown}
 r - a scroll of noise {unknown}
 v - a scroll of remove curse {unknown}
 C - a scroll of magic mapping {unknown}
Potions
 d - 2 potions of lignification
 e - 2 potions of curing
 t - a potion of might
 u - a potion of heal wounds
 w - a potion of agility {unknown}
 A - a potion of ambrosia {unknown}
 B - a potion of decay {unknown}
Books
 c - a book of Conjurations

   Spells                             Type                      Level
   a - Magic Dart                     Conjuration                  1
   b - Searing Ray                    Conjuration                  2
   c - Dazzling Spray                 Conjuration/Hexes            3
   d - Fulminant Prism                Conjuration/Hexes            4
   e - Iskenderun's Mystic Blast      Conjuration                  4
   f - Iskenderun's Battlesphere      Conjuration/Charms           5
Miscellaneous
 n - a plain deck of destruction
Comestibles
 b - 3 bread rations


   Skills:
 + Level 0.6 Fighting
 + Level 3.1 Dodging
 + Level 3.5 Stealth
 + Level 4.7 Spellcasting
 + Level 6.4 Conjurations


You had 4 spell levels left.
You knew the following spells:

 Your Spells              Type           Power        Failure   Level  Hunger
a - Magic Dart            Conj           ####         1%          1    None
b - Searing Ray           Conj           ####..       1%          2    None
c - Dazzling Spray        Conj/Hex       ###.....     12%         3    ##.....
d - Iskenderun's Mystic   Conj           ####....     10%         4    ####...


Dungeon Overview and Level Annotations

Branches:
Dungeon (5/15)
 Temple: D:4-7

Altars:
Ashenzari
Dithmenos
Gozag
Nemelex Xobeh
Okawaru
Sif Muna
Xom


Message History

Confirm with . or Enter, or press ? or * to list all spells.
Aiming: Searing Ray
Press: ? - help, Shift-Dir - straight line The searing ray hits the centaur.
The centaur is lightly wounded.
The centaur hits you.
The searing ray hits the centaur.
The centaur is moderately wounded.
The centaur hits you!
* * * LOW HITPOINT WARNING * * *
The centaur closely misses you.
The searing ray hits the centaur.
The centaur is heavily wounded.
The centaur barely misses you.
The searing ray hits the centaur.
The centaur is severely wounded.
The centaur hits you but does no damage.
The centaur hits you!
You die...
Your body crumbles into a pile of gold.

#......# ##......#
###)..#####
#####....##
###.......##
##.......###
######.........#
#.(..c<.......(#
#...####@..(.....#
#.... #..##)#####
#..c.. #..##.#
....... ...###.#
..Z.....##.# #.#
....c. ..# #.#
.... .... ... .
.... ..# ..... ..#


You could see a centaur.

Vanquished Creatures
  A centaur (D:5)
  The ghost of ketsa the Insei, a weakling OpTm (D:3)
  An orc wizard (D:3)
  Terence (D:2)
  Robin (D:3)
  7 adders
  5 worms
  4 giant geckos
  2 oozes (D:2)
  5 orcs (D:3)
  A ball python (D:1)
  5 giant cockroaches
  8 hobgoblins
  8 jackals
  9 kobolds
  A quokka (D:4)
  9 bats
  A giant newt (D:2)
  18 goblins
  8 rats
96 creatures vanquished.

Notes
Turn   | Place    | Note
--------------------------------------------------------------
     0 | D:1      | Fusha, the High Elf Conjurer, began the quest for the Orb.
     0 | D:1      | Reached XP level 1. HP: 11/11 MP: 4/4
   442 | D:1      | Reached XP level 2. HP: 17/17 MP: 3/6
   665 | D:1      | Learned a level 2 spell: Searing Ray
  1087 | D:2      | Reached skill level 5 in Conjurations
  1152 | D:2      | Found a shattered altar of Ashenzari.
  1180 | D:2      | Noticed Terence
  1303 | D:2      | Killed Terence
  1303 | D:2      | Reached XP level 3. HP: 1/21 MP: 2/8
  1310 | D:2      | Learned a level 3 spell: Dazzling Spray
  1918 | D:2      | Reached XP level 4. HP: 25/27 MP: 5/11
  2704 | D:3      | Found a sparkling altar of Nemelex Xobeh.
  2745 | D:3      | Found an opulent altar of Gozag.
  2751 | D:3      | Became a worshipper of Gozag Ym Sagoz the Greedy
  2936 | D:3      | Noticed ketsa's ghost (weakling OpTm)
  2947 | D:3      | Killed ketsa's ghost
  2947 | D:3      | Reached XP level 5. HP: 18/31 MP: 2/14
  3312 | D:3      | Noticed Robin
  3317 | D:3      | Killed Robin
  3351 | D:3      | Found a deep blue altar of Sif Muna.
  3351 | D:3      | Found a shadowy altar of Dithmenos.
  3449 | D:3      | Reached skill level 6 in Conjurations
  3462 | D:3      | Learned a level 4 spell: Iskenderun's Mystic Blast
  3835 | D:4      | Found an iron altar of Okawaru.
  4088 | D:4      | Found a shimmering altar of Xom.
  4300 | D:4      | Reached XP level 6. HP: 37/37 MP: 14/18
  4545 | D:5      | Entered Level 5 of the Dungeon
  4766 | D:5      | Slain by a centaur

Action                   |  1- 3 |  4- 6 || total
-------------------------+-------+-------++-------
Melee: Unarmed           |    12 |       ||    12
       Hand axe          |       |     4 ||     4
Throw: Javelin           |     2 |       ||     2
 Cast: Magic Dart        |    71 |   122 ||   193
       Searing Ray       |     4 |    12 ||    16
  Use: Scroll            |       |     5 ||     5
  Eat: Fruit             |    10 |       ||    10
       Royal jelly       |     1 |     1 ||     2
       Meat ration       |       |     1 ||     1
       Pizza             |       |     1 ||     1
